 Dungeon Crawl Stone Soup version 0.16-b1 (console) character file.

629 mauris the Chopper (level 7, -1/61 HPs)
             Began as a Hill Orc Arcane Marksman on Mar 14, 2015.
             Was an Initiate of Trog.
             Slain by an orc (2 damage)
             ... summoned by a shadow trap
             ... triggered by the player character
             ... on level 6 of the Dungeon.
             The game lasted 00:11:15 (6199 turns).

mauris the Chopper (Hill Orc Arcane Marksman)       Turns: 6199, Time: 00:11:15

Health: -1/61      AC: 14    Str: 21    XL:     7   Next: 48%
Magic:  9/9        EV:  6    Int: 10    God:    Trog [......]
Gold:   233        SH:  0    Dex: 10    Spells: 1 memorised, 7 levels left

rFire  + . .     SeeInvis .     a - +0 battleaxe
rCold  . . .     Clarity  .     o - +0 plate armour {10}
rNeg   . . .     SustAb   .     (no shield)
rPois  .         Gourm    .     (no helmet)
rElec  .         Spirit   .     e - +0 cloak
rCorr  .         Warding  .     (no gloves)
rMut   .         Stasis   .     (no boots)
MR     .....                    (no amulet)
Stlth  ..........               (no ring)
                                i - -3 ring of intelligence (curse)

@: mighty, lethally poisoned (-1 -> -45), rotting, slowed, very slow, not
resistant to hostile enchantments, extremely unstealthy
A: slimy green scales 1, fire resistance 1, low mp 1
a: Burn Spellbooks, Renounce Religion


You were on level 6 of the Dungeon.
You worshipped Trog.
Trog was noncommittal.
You were not hungry.

You visited 2 branches of the dungeon, and saw 7 of its levels.

You collected 233 gold pieces.

Inventory:

Hand weapons
 a - a +0 battleaxe (weapon)
Missiles
 b - 11 javelins
 c - a throwing net (quivered)
Armour
 e - a +0 cloak (worn)
 o - a +0 plate armour (worn) {10}
Jewellery
 i - a cursed -3 ring of intelligence (left hand)
Magical devices
 j - a wand of enslavement (12) {24}
 k - a wand of lightning (1) {12}
Scrolls
 n - a scroll of noise {unknown}
 r - 2 scrolls of remove curse
 w - a scroll of magic mapping {unknown}
 x - a scroll of random uselessness {unknown}
 y - 2 scrolls of immolation {unknown}
 z - 6 scrolls of identify {@r1}
Potions
 m - 2 potions of cure mutation
 u - 3 potions of brilliance
Books
 d - a book of Debilitation

   Spells                             Type                      Level
   a - Corona                         Hexes                        1
   b - Slow                           Hexes                        2
   c - Inner Flame                    Hexes/Fire                   3
   d - Enslavement                    Hexes                        4
   e - Cause Fear                     Hexes                        4
   f - Leda's Liquefaction            Hexes/Earth                  4
   Trog disapproves of the use of such an item.
Comestibles
 f - 4 meat rations
 g - a royal jelly
 h - a beef jerky
 s - 4 fruits
 t - 4 bread rations


   Skills:
 - Level 5.0 Fighting
 + Level 6.0 Axes
 - Level 2.2 Throwing
 - Level 3.8 Armour
 - Level 1.9 Dodging
 - Level 1.3 Spellcasting
 - Level 3.3 Hexes


You had 7 spell levels left.
You knew the following spells:

 Your Spells              Type           Power        Failure   Level  Hunger
a - Corona                Hex            #......      99%         1    ##.....


Dungeon Overview and Level Annotations

Branches:
Dungeon (6/15)             Temple (1/1) D:4

Altars:
Cheibriados
Dithmenos
Elyvilon
Fedhas
Gozag
Makhleb
Nemelex Xobeh
Okawaru
Qazlal
Sif Muna
Trog
Vehumet
Xom
Zin
The Shining One

Annotations:
D:4 scary shit!, BLOAX's ghost, average HaEE; Sigmund


Innate Abilities, Weirdness & Mutations

You are partially covered in slimy green scales (AC +2).
Your flesh is heat resistant.
Your magical capacity is low (-10% MP).


Message History

You slash the necrophage!
You destroy the necrophage!
The necrophage's corpse disappears in a puff of smoke!
* * * LOW HITPOINT WARNING * * *
You feel very sick.
The orc wizard hits you but does no damage.
You are more poisoned.
The hound closely misses you.
The orc wizard hits you but does no damage. x2
You are more poisoned.
The hound stops to sniff the ground.
The hound bites you but does no damage.
The orc wizard hits you but does no damage.
The orc hits you but does no damage.
The orc wizard hits you but does no damage.
You are more poisoned.
The hound barely misses you.
The orc wizard hits you but does no damage.
The orc barely misses you. The orc hits you.
You die...

# ##.## # #.### #...# #
......# #...# # .....#.####
#...# #..........###...#####
.........##...........#######
...#......ooo...............#
.#...P....#h@.........#####.#
...........Jo###...######.....
.##.#.##...### #...# #.##.(
........^### #...# #.##..
#####.#### #...# #.##.. #
##.## #.###. ####.### ###.###.
#......# #.......
#######.##.#.###.....##


You could see a hound, a jelly, 2 orc wizards and 2 orcs.

Vanquished Creatures
  A necrophage (D:6)
  A centaur (D:5)
  3 giant frogs (D:6)
  A crimson imp (D:5)
  A jelly (D:5)
  A giant frog skeleton (D:5)
  An orc wizard (D:5)
  3 worker ants
  A hound skeleton (D:4)
  3 adders
  A giant mite (D:2)
  A worm (D:1)
  An adder zombie (D:5)
  8 orcs
  3 ball pythons
  17 goblins
  8 hobgoblins
  14 kobolds
  2 quokkas (D:3)
  8 bats
  5 giant cockroaches
  8 giant geckos
  6 giant newts
  A giant spore (D:6)
  3 jackals (D:4)
  A quokka skeleton (D:6)
  9 rats
  A ballistomycete (D:6)
113 creatures vanquished.

Vanquished Creatures (others)
  A ballistomycete (D:6)
1 creature vanquished.

Grand Total: 114 creatures vanquished

Notes
Turn   | Place    | Note
--------------------------------------------------------------
     0 | D:1      | mauris, the Hill Orc Arcane Marksman, began the quest for the Orb.
     0 | D:1      | Reached XP level 1. HP: 16/16 MP: 2/2
    86 | D:1      | Huge Dmg: 3 dmg
    87 | D:1      | Huge Dmg: 2 dmg
   223 | D:1      | Huge Dmg: 4 dmg
   224 | D:1      | Huge Dmg: 2 dmg
   226 | D:1      | Huge Dmg: 5 dmg
   373 | D:1      | Huge Dmg: 2 dmg
   479 | D:1      | Reached XP level 2. HP: 17/23 MP: 3/3
   548 | D:1      | Huge Dmg: 4 dmg
   812 | D:1      | Huge Dmg: 4 dmg
   821 | D:1      | Huge Dmg: 4 dmg
  1168 | D:1      | Reached XP level 3. HP: 29/29 MP: 4/4
  1682 | D:2      | Reached skill level 1 in Armour
  1745 | D:2      | Reached XP level 4. HP: 37/37 MP: 6/6
  2478 | D:3      | Huge Dmg: 13 dmg
  3274 | D:4      | Noticed an ogre
  3526 | D:4      | Gained mutation: You are partially covered in slimy green scales (AC +2). [potion of mutation]
  3526 | D:4      | Gained mutation: Your flesh is heat resistant. [potion of mutation]
  3526 | D:4      | Gained mutation: Your magical capacity is low (-10% MP). [potion of mutation]
  3527 | D:4      | Huge Dmg: 6 dmg
  3534 | D:4      | Huge Dmg: 5 dmg
  3536 | D:4      | Reached XP level 5. HP: 20/46 MP: 6/6
  3647 | D:4      | Found a staircase to the Ecumenical Temple.
  3660 | D:4      | Noticed an ogre
  3682 | D:4      | Noticed BLOAX's ghost (average HaEE)
  3686 | Temple   | Entered the Ecumenical Temple
  3719 | Temple   | Became a worshipper of Trog the Wrathful
  3883 | D:4      | Noticed Sigmund
  3938 | D:5      | Entered Level 5 of the Dungeon
  3979 | D:5      | Noticed a centaur
  3995 | D:5      | Killed a centaur
  3995 | D:5      | Reached skill level 4 in Fighting
  4189 | D:5      | Reached XP level 6. HP: 36/53 MP: 7/7
  4398 | D:4      | Huge Dmg: 18 dmg
  4403 | D:4      | Huge Dmg: 8 dmg
  4723 | D:5      | Reached skill level 5 in Fighting
  4954 | D:5      | Reached skill level 1 in Axes
  5234 | D:5      | Found a shimmering altar of Xom.
  5855 | D:6      | Reached XP level 7. HP: 33/61 MP: 9/9
  5861 | D:6      | Reached skill level 5 in Axes
  6132 | D:6      | Reached skill level 6 in Axes
  6188 | D:6      | Huge Dmg: 18 dmg
  6197 | D:6      | Huge Dmg: 7 dmg
  6198 | D:6      | Huge Dmg: 6 dmg
  6199 | D:6      | Huge Dmg: 6 dmg
  6199 | D:6      | HP: 1/61 [poisoned by an orc wizard]
  6199 | D:6      | Slain by an orc

Action                   |  1- 3 |  4- 6 |  7- 9 || total
-------------------------+-------+-------+-------++-------
Melee: Spear             |   181 |   345 |       ||   526
       Battleaxe         |       |   173 |    37 ||   210
Throw: Javelin           |    22 |     2 |       ||    24
       Throwing net      |     1 |     5 |     1 ||     7
Evoke: Wand              |       |       |     1 ||     1
  Use: Potion            |       |     5 |     1 ||     6
       Scroll            |       |     6 |       ||     6
 Stab: Held in net/web   |     1 |     3 |       ||     4
  Eat: Chunk             |     3 |    13 |     2 ||    18

Vault maps used:
D:1:      minmay_arrival_shattered_statue, hex_medium
D:2:      minivault_26
D:4:      minmay_temple_entry_overgrown, first_bread, hex_tiny, uniq_sigmund
D:5:      lemuel_crystal_altar
Temple:   kilobyte_greek_temple_18
